 Dungeon Crawl Stone Soup version 0.29.1-2-gbd0b4ee654 (webtiles) character file.

Game seed: 9199569149730223342

177 Acheron the Ducker (level 5, -1/39 HPs)
             Began as a Vampire Warper on Nov 13, 2022.
             Succumbed to a kobold's poison
             ... in a sewer.
             The game lasted 00:08:40 (1729 turns).

Acheron the Ducker (Vampire Warper)                 Turns: 1729, Time: 00:08:40

Health: -1/39      AC:  7    Str: 10    XL:     5   Next: 30%
Magic:  8/8        EV:  9    Int: 15    God:
Gold:   115        SH:  0    Dex: 16    Spells: 9/9 levels left

rFire   . . .      SeeInvis +   a - +0 falchion
rCold   . . .      Faith    .   (no shield)
rNeg    . . .      Spirit   .   m - +1 scale mail
rPois   .          Reflect  .   (no helmet)
rElec   .          Harm     .   (no cloak)
rCorr   .          Rampage  .   (no gloves)
Will    .....                   (no boots)
Stlth   +.........              (no amulet)
HPRegen 0.33/turn               (no ring)
MPRegen 0.11/turn               (no ring)

@: lethally poisoned (-1 -> -17), healing quickly, very slow
A: alive, fangs 3, see invisible, vampiric 2
a: Exsanguinate


You were in a sewer.
You visited 1 branch of the dungeon, and saw 3 of its levels.
You also visited: Sewer.

You collected 171 gold pieces.
You spent 56 gold pieces at shops.

Inventory:

Hand Weapons
 a - a +0 falchion (weapon)
Missiles
 d - 7 boomerangs of dispersal
 f - 3 poisoned darts (quivered)
 g - 5 silver javelins
Armour
 b - a +0 leather armour
 m - a +1 scale mail (worn)
 t - a +0 pair of gloves
Scrolls
 c - a scroll of blinking
 h - 2 scrolls of teleportation
 l - a scroll of vulnerability {unknown}
 q - a scroll of enchant weapon {unknown}
 s - a scroll of poison {unknown}
Potions
 e - a potion of resistance
 i - 2 potions of attraction
 j - 3 potions of brilliance
 k - a potion of invisibility {unknown}
 n - 2 potions of mutation
 o - 2 potions of haste
 p - a potion of degeneration
 r - 2 potions of curing {unknown}
 u - a potion of heal wounds {unknown}


   Skills:
 * Level 2.4 Fighting
 + Level 2.8 Long Blades
 * Level 1.4 Throwing
 + Level 1.4 Armour
 * Level 3.2 Dodging
 * Level 2.4 Stealth
 * Level 2.5 Spellcasting
 + Level 2.6 Translocations


You had 9 spell levels left.
You didn't know any spells.
Your spell library contained the following spells:

 Spells                   Type           Power      Damage    Failure   Level
 Blink                    Tloc           18%        N/A       58%         2
 Gell's Gravitas          Tloc           9%         N/A       82%         3
 Lesser Beckoning         Tloc           9%         N/A       82%         3
 Teleport Other           Tloc           9%         N/A       82%         3
 Ozocubu's Armour         Ice            1%         N/A       99%         3
 Manifold Assault         Tloc           9%         N/A       100%        5
 Ozocubu's Refrigeration  Ice            0%         4d7       100%        7


Dungeon Overview and Level Annotations

Branches:
Dungeon (3/15)              Sewer (1/1)

Altars:

Shops:
D:2 *


Innate Abilities, Weirdness & Mutations

Your natural rate of healing is accelerated.
You have razor-sharp teeth.
You have supernaturally acute eyesight. (SInv)
You are afflicted with vampirism and can become a bat while bloodless.


Message History

The kobold splashes around in the water.
Your unstable footing causes you to fumble your attack.
The kobold closely misses you.
You barely miss the kobold. The kobold barely misses you.
You hit the kobold.
The kobold is severely wounded.
The kobold splashes around in the water.
Your unstable footing causes you to fumble your attack.
The kobold closely misses you.
You hit the kobold.
You kill the kobold!
You hear a splash.
Your unstable footing causes you to fumble your attack.
The kobold splashes around in the water.
Your unstable footing causes you to fumble your attack.
The kobold hits you with a +2 dagger of venom.
Your unstable footing causes you to fumble your attack.
The kobold hits you but does no damage.
You are poisoned.
Your unstable footing causes you to fumble your attack.
You feel sick.
The kobold hits you with a +2 dagger of venom.
You are more poisoned.
Your unstable footing causes you to fumble your attack.
You feel sick. The kobold hits you but does no damage.
You are lethally poisoned!
You closely miss the kobold.
* * * LOW HITPOINT WARNING * * *
You feel very sick.
The kobold hits you with a +2 dagger of venom.
* * * LOW HITPOINT WARNING * * *
The kobold barely misses you.
You hit the kobold.
The kobold is severely wounded.
* * * LOW HITPOINT WARNING * * *
You feel very sick. The kobold hits you but does no damage.
You are more poisoned.
Your unstable footing causes you to fumble your attack.
You die...

#.....~~#~~~#~~....#
##....P~~#~≈~#......#
#......~~~~≈~#......#
#......~~~~≈~#......#
##......P~~≈~#......#
##.....~#~≈~#.....##
##.P..~~#~KK#.....#
##.....~~#~≈K#.....#
#......P.#~≈@#.....##
#........#~≈~#P.....##
#........#~≈~#~~.....##
##.....~~#~≈~~~~P.....#
#..†..~~#~~~#P~....P.#
#.....P~#~≈~~~P~.....##
##.....~~#~≈~#~~.......#
#.....~~~~~≈~#~........#
#.....~~~~~≈~#........##


You could see 3 kobolds.

Vanquished Creatures
  A kobold brigand (Sewer)
  6 adders
  An orc (D:2)
  6 endoplasms
  3 giant cockroaches
  4 quokkas
  6 ball pythons
  6 bats
  3 frilled lizards
  5 goblins
  12 kobolds
  4 rats
57 creatures vanquished.

Vanquished Creatures (others)
  2 plants (Sewer)
2 creatures vanquished.

Grand Total: 59 creatures vanquished

Notes
Turn   | Place    | Note
-------+----------+-------------------------------------------
     0 | D:1      | Acheron the Vampire Warper began the quest for the Orb.
     0 | D:1      | Reached XP level 1. HP: 16/16 MP: 3/3
   167 | D:1      | Found a faded altar of an unknown god.
   422 | D:1      | Reached XP level 2. HP: 22/22 MP: 5/5
   664 | D:2      | Found Ockyryub's General Store.
   680 | D:1      | Reached skill level 1 in Throwing
   680 | D:1      | Reached skill level 1 in Stealth
   789 | D:2      | Bought a potion of degeneration for 14 gold pieces
   789 | D:2      | Bought a scroll of teleportation for 42 gold pieces
   861 | D:2      | Reached skill level 1 in Armour
   861 | D:2      | Gained mutation: You are afflicted with vampirism and can
                  | become a bat while bloodless. [Vampire growth]
   861 | D:2      | Reached XP level 3. HP: 27/27 MP: 6/6
  1266 | D:3      | Reached XP level 4. HP: 33/33 MP: 7/7
  1301 | D:3      | Found a glowing drain.
  1310 | Sewer    | Entered a sewer
  1621 | Sewer    | Reached skill level 3 in Dodging
  1640 | Sewer    | Noticed a kobold brigand
  1715 | Sewer    | Killed a kobold brigand
  1716 | Sewer    | Reached XP level 5. HP: 16/39 MP: 8/8
  1729 | Sewer    | Succumbed to a kobold's poison

Illustrated notes

Levels and vault maps discovered:
D:1:      erik_arrival_triangle_small, layout_basic,
          ebering_ecumenical_altar_box, patterned_corridor
D:2:      layout_rooms, serial_shops, nicolae_shop_advertising_works
          [nicolae_subvault_shop_adworks]
D:3:      minmay_goblin_kobold_castle, layout_rooms, portal_sewer_entry_d
Sewer:    kennysheep_pipe_town

Skill      XL: |  1  2  3  4 |
---------------+-------------+-----
Fighting       | 2 |  2.4
Throwing       | 1 |  1.4
Stealth        | 1 2 |  2.4
Armour         | 1 |  1.4
Dodging        | 3 |  3.2
Long Blades    | |  2.8
Spellcasting   | |  2.5
Translocations | |  2.6

Action                   |  1- 3 |  4- 6 || total
-------------------------+-------+-------++-------
Melee: Falchion          |   113 |    97 ||   210
       Bite              |     9 |    12 ||    21
       Punch             |     1 |     1 ||     2
  Use: Scroll            |     7 |     2 ||     9
Armor: Leather armour    |     6 |       ||     6
       Scale mail        |    27 |    73 ||   100
Dodge: Dodged            |    76 |    68 ||   144
